Map: Troizinia LE

Players

franctv

  • Race: Terran Terran
  • Spawn Location: 3:00

Hosomi

  • Race: Terran Terran
  • League: Silver
  • Spawn Location: 6:00

KaneRorik

  • Race: Zerg Zerg
  • League: Gold
  • Spawn Location: 5:00

MichaelnTina

  • Race: Terran Terran
  • Spawn Location: 5:00

billy

  • Race: Terran Terran
  • League: Gold
  • Spawn Location: 11:00

Toastie

  • Race: Protoss Protoss
  • Spawn Location: 9:00

Infamous

  • Race: Protoss Protoss
  • League: Gold
  • Spawn Location: 12:00

Bluntman

  • Race: Protoss Protoss
  • Spawn Location: 11:00

VOD

Have the link to the VOD?

Description

Time

  • Played on: April 13, 2018, 10:07 p.m.
  • Length: 20:39
Show
View Real Time Build Order
Export as new Build Order

franctv Terran 

Build Orders:  

Get SALT Encoding   

  12  0:03  SCV  
  13  0:24  Supply Depot  
  13  0:30  SCV  
  14  0:42  SCV  
  15  0:45  Engineering Bay  
  15  1:00  Barracks  
  15  1:07  SCV  
  16  1:13  Supply Depot  
  16  1:14  Supply Depot  
  16  1:19  SCV  
  17  1:35  Refinery  
  17  1:38  Refinery  
  17  1:44  Barracks  
  17  2:04  SCV  
  18  2:09  Marine  
  19  2:16  SCV  
  20  2:26  Marine  
  20  2:28  SCV  
  22  2:34  Marine  
  23  2:40  SCV  
  23  2:42  Terran Infantry Weapons Level 1  
  24  2:44  Marine  
  25  2:52  Marine, SCV  
  27  2:59  Supply Depot  
  27  3:02  Marine  
  27  3:04  SCV  
  29  3:10  Marine  
  29  3:12  Missile Turret  
  30  3:20  Marine  
  30  3:22  Factory  
  31  3:33  Orbital Command  
  31  3:38  Barracks Tech Lab  
  31  3:41  Barracks Reactor  
  31  4:01  Marine  
  32  4:16  Command Center  
  32  4:19  Marine, SCV  
  32  4:22  Factory Reactor  
  34  4:29  Supply Depot  
  34  4:31  SCV  
  35  5:01  Widow Mine x2  
  39  5:08  Starport  
  39  5:12  Terran Infantry Armor Level 1  
  39  5:13  Marine x2  
  41  5:17  Marine  
  42  5:22  Widow Mine x2  
  46  5:31  Marine x2, SCV  
  46  5:34  Marine  
  50  5:43  SCV  
  51  5:52  Marine, Factory  
  51  5:54  Medivac  
  51  5:55  SCV  
  55  6:08  SCV  
  56  6:20  SCV  
  56  6:24  Medivac  
  59  6:32  SCV  
  60  6:38  Factory Tech Lab  
  60  6:44  SCV  
  60  6:45  Widow Mine x2  
  65  7:01  Missile Turret  
  65  7:05  Missile Turret  
  65  7:06  Widow Mine  
  67  7:13  Refinery  
  67  7:18  Refinery  
  67  7:19  Marine  
  67  7:20  Marine  
  69  7:23  Missile Turret  
  69  7:26  Missile Turret  
  69  7:33  Supply Depot  
  69  7:37  Marine, Starport Tech Lab  
  70  7:45  Rapid Fire Launchers  
  70  7:48  Missile Turret  
  70  7:52  Armory  
  70  7:53  Armory  
  70  7:55  Marine, Armory  
  70  7:57  Supply Depot  
  71  8:01  Ghost Academy  
  71  8:03  Ghost Academy  
  71  8:04  SCV  
  72  8:09  Missile Turret  
  72  8:17  SCV  
  72  8:19  Supply Depot, Hi-Sec Auto Tracking  
  73  8:23  Cyclone  
  73  8:24  Cyclone x2  
  82  8:33  Ghost Academy  
  82  8:37  Ghost Academy  
  82  8:42  Supply Depot  
  74  8:59  Marine x2  
  74  9:17  Marine  
  75  9:25  Missile Turret  
  75  9:29  Personal Cloaking  
  75  9:30  Nuke x3  
  75  9:33  Ghost  
  77  9:42  Widow Mine  
  77  9:43  Widow Mine  
  81  9:46  Missile Turret  
  81  9:49  Orbital Command  
  81  10:04  Widow Mine x2  
  85  10:07  Missile Turret  
  85  10:19  Drilling Claws  
  85  10:25  Widow Mine x2  
  87  10:54  Nuke  
  53  11:25  Marine  
  48  11:29  Siege Tank  
  48  11:30  Cyclone x2  
  50  11:43  Marine  
  50  11:44  Liberator  
  51  12:01  Marine, Cyclone  
  55  12:02  Cyclone x2  
  64  12:15  Terran Ship Weapons Level 1, Terran Vehicle And Ship Armor Level 1, Terran Vehicle Weapons Level 1  
  65  12:27  Liberator, Ghost  
  66  12:33  Cyclone  
  69  12:48  Engineering Bay  
  72  12:55  Ghost  
  74  13:24  Marine  
  72  13:42  Marine  
  67  13:59  Marine  
  43  14:11  Cyclone x2  
  43  14:12  Cyclone  
  52  14:17  Marine  
  52  14:18  Nuke  
  53  14:43  Cyclone  
  53  14:44  Cyclone x2  
  62  14:58  Marine  
  62  14:59  Command Center  
  63  15:06  Barracks  
  63  15:07  Barracks  
  63  15:15  Cyclone  
  63  15:16  Marine, Cyclone x2  
  73  15:34  Marine  
  74  15:48  Cyclone x2  
  60  15:51  Marine  
  60  15:54  Cyclone  
  60  15:56  Marine x2  
  64  15:59  Terran Infantry Weapons Level 2  
  64  16:01  Terran Vehicle And Ship Armor Level 2  
  64  16:02  Terran Vehicle Weapons Level 2  
  64  16:03  Terran Ship Weapons Level 2  
  63  16:09  Marine  
  64  16:13  Marine  
  64  16:14  Marine  
  66  16:20  Missile Turret, Cyclone  
  66  16:22  Planetary Fortress  
  69  16:27  Marine  
  69  16:30  Medivac  
  69  16:31  Marine  
  69  16:32  Marine  
  74  16:35  Refinery  
  74  16:37  Refinery  
  74  16:40  Missile Turret  
  74  16:45  Marine  
  75  16:49  Marine x2  
  77  17:00  Medivac, Missile Turret  
  79  17:03  Marine  
  79  17:07  Marine x2  
  82  17:20  Marine  
  83  17:25  Marine x2  
  83  17:29  Medivac  
  87  17:41  Barracks  
  87  17:43  Marine x2  
  90  17:49  Ghost  
  91  18:00  Marine  
  91  18:01  Marine  
  91  18:04  Widow Mine x3  
  99  18:18  Marine x2, Ghost  
  103  18:25  Widow Mine  
  105  18:33  Barracks Reactor  
  105  18:36  Marine x2  
  107  18:46  Ghost  
  109  18:54  Marine x2  
  111  19:12  Marine x2  
  111  19:15  Ghost  
  115  19:20  Raven  
  117  19:28  Marine  
  117  19:29  Marine x2  
  117  19:30  Marine  
  121  19:41  Cyclone  
  121  19:42  Cyclone  
  121  19:43  Ghost  
  129  19:46  Marine x2  
  129  19:47  Marine x2  
  133  20:04  Marine x2  
  133  20:05  Marine x2  
  132  20:12  Marine  
Show
View Real Time Build Order
Export as new Build Order

Hosomi Terran 

Build Orders:  

Get SALT Encoding   

  12  0:03  SCV  
  13  0:15  SCV  
  14  0:24  Supply Depot  
  14  0:27  SCV  
  15  0:36  Refinery  
  15  0:45  SCV  
  16  0:50  Barracks  
  16  0:58  SCV  
  17  1:10  SCV  
  18  1:22  SCV  
  19  1:34  SCV  
  19  1:37  Refinery  
  19  1:38  Supply Depot  
  20  1:40  Barracks Reactor  
  20  1:46  SCV  
  21  1:58  SCV  
  22  2:09  Factory  
  22  2:10  SCV  
  23  2:19  Command Center  
  23  2:22  Marine x2  
  25  2:32  Orbital Command  
  25  2:48  Supply Depot  
  25  2:54  Marine  
  25  2:55  Marine  
  25  2:58  SCV  
  28  3:11  Factory Tech Lab  
  28  3:12  Marine x2  
  30  3:24  Engineering Bay  
  30  3:27  Supply Depot  
  30  3:31  Reaper  
  30  3:33  Siege Tank  
  34  3:36  SCV  
  34  3:38  SCV  
  36  3:48  SCV  
  37  3:53  Marine  
  38  3:59  Supply Depot  
  38  4:03  Marine  
  38  4:05  Siege Tank  
  38  4:09  SCV  
  43  4:22  Supply Depot, SCV  
  44  4:29  Terran Infantry Weapons Level 1  
  44  4:37  Siege Tank  
  47  4:43  Marine x2  
  49  4:52  Armory  
  48  5:31  SCV  
  49  5:37  Marine x2  
  49  5:40  Hellion  
  53  5:43  SCV  
  54  5:52  Terran Vehicle Weapons Level 1  
  54  5:54  Marine  
  54  5:55  Marine, SCV  
  57  6:01  Siege Tank  
  57  6:04  Refinery  
  60  6:06  Refinery  
  60  6:14  Missile Turret  
  60  6:23  Hi-Sec Auto Tracking  
  60  6:33  Missile Turret, Thor  
  66  6:53  Missile Turret  
  66  6:57  Starport, SCV  
  66  6:59  Marine x2  
  68  7:08  Barracks  
  68  7:09  SCV  
  68  7:14  Missile Turret  
  67  7:17  Marine x2  
  67  7:21  SCV  
  70  7:27  SCV  
  71  7:35  Marine x2  
  73  7:39  SCV  
  74  7:45  Command Center  
  74  7:49  SCV  
  75  7:52  SCV  
  75  7:53  Marine  
  75  7:54  Marine  
  75  7:58  Barracks Tech Lab  
  78  8:00  Starport Tech Lab  
  78  8:08  Fusion Core  
  78  8:28  Missile Turret  
  78  8:29  Terran Infantry Armor Level 1  
  78  8:49  Missile Turret  
  78  8:50  Supply Depot  
  78  8:57  Marine x2, Supply Depot, SCV x2, Thor  
  88  9:08  Missile Turret  
  88  9:13  Supply Depot  
  88  9:14  Missile Turret  
  88  9:15  Marine x2  
  90  9:20  Supply Depot  
  90  9:27  Planetary Fortress  
  90  9:28  Missile Turret  
  90  9:32  Marine x2  
  90  9:35  Missile Turret  
  90  9:37  Battlecruiser  
  98  9:40  Siege Tank  
  98  9:43  Weapon Refit  
  101  9:46  Missile Turret  
  101  9:51  Missile Turret  
  101  9:52  SCV  
  102  9:53  SCV  
  102  9:57  Missile Turret  
  103  10:01  Combat Shields  
  103  10:04  SCV  
  103  10:05  SCV  
  103  10:06  Missile Turret  
  105  10:12  Supply Depot, Missile Turret, Thor  
  111  10:16  SCV  
  111  10:18  SCV  
  111  10:19  Missile Turret  
  111  10:21  SCV  
  114  10:26  Terran Ship Weapons Level 1  
  114  10:28  Missile Turret, SCV  
  115  10:30  Building Armor, SCV  
  115  10:33  SCV  
  115  10:35  Supply Depot  
  117  10:43  SCV  
  117  10:46  Battlecruiser  
  124  10:54  Refinery  
  124  10:55  SCV  
  119  11:37  Command Center  
  119  11:51  Battlecruiser  
  125  12:06  Orbital Command  
  125  12:36  Missile Turret  
  125  12:43  SCV  
  126  12:52  Missile Turret  
  126  12:54  Thor  
  126  12:55  SCV  
  126  12:57  Missile Turret, Marauder  
  135  12:58  Marine  
  135  12:59  Marine  
  135  13:04  Battlecruiser  
  135  13:05  Terran Infantry Weapons Level 2  
  143  13:07  Terran Ship Weapons Level 2  
  143  13:09  Starport  
  143  13:16  Marine x2, Missile Turret  
  143  13:19  Marauder  
  147  13:34  Marine x2  
  147  13:37  Missile Turret, Thor  
  134  13:52  Marine x2  
  118  13:57  Missile Turret  
  118  14:00  Starport Tech Lab  
  117  14:05  Starport  
  117  14:12  Refinery  
  117  14:15  Refinery  
  117  14:19  Missile Turret  
  117  14:20  Siege Tank, Planetary Fortress  
  120  14:31  Refinery  
  120  14:35  Marine  
  120  14:36  Marine  
  122  14:38  Missile Turret  
  122  14:41  Battlecruiser  
  122  14:43  Battlecruiser  
  134  14:52  Thor  
  138  14:53  Marine x2  
  134  15:11  Marine x2  
  91  15:29  Marine  
  91  15:31  Marine  
  89  15:36  Thor  
  93  15:47  Marine, Battlecruiser  
  93  15:48  Marine  
  100  16:05  Marine  
  100  16:06  Marine  
  102  16:18  Thor  
  102  16:21  Terran Infantry Armor Level 2  
  102  16:24  Terran Vehicle And Ship Armor Level 1  
  108  16:34  Barracks Tech Lab  
  108  16:35  Supply Depot  
  108  16:56  Marine x2  
  108  16:57  SCV  
  108  16:58  Supply Depot  
  111  17:09  SCV  
  111  17:21  Supply Depot, SCV  
  110  17:30  Battlecruiser  
  110  17:33  SCV, Thor  
  110  17:36  Starport Tech Lab  
  123  17:47  Supply Depot  
  123  17:49  Supply Depot  
  123  17:52  Supply Depot  
  123  18:04  Marine x2  
  125  18:10  Marauder  
  125  18:11  Battlecruiser  
  133  18:16  Supply Depot, Siege Tank  
  133  18:17  Supply Depot  
  136  18:22  Marine x2  
  138  18:34  Battlecruiser  
  138  18:35  Orbital Command  
  138  18:39  Marine  
  138  18:40  Marine  
  146  18:41  Factory  
  146  18:45  Starport  
  146  18:46  Refinery  
  146  18:47  Thor  
  152  18:52  Missile Turret  
  152  18:57  Marine x2  
  152  18:58  Supply Depot  
  154  19:11  Missile Turret  
  154  19:12  SCV  
  154  19:15  Battlecruiser  
  161  19:22  Supply Depot  
  161  19:25  SCV  
  162  19:35  Missile Turret  
  162  19:37  SCV  
  163  19:39  Factory Tech Lab  
  163  19:45  Supply Depot  
  163  19:49  SCV  
  163  19:50  Thor  
  163  19:51  Ghost Academy  
  176  19:56  Missile Turret  
  176  20:01  SCV  
  177  20:08  Supply Depot  
  177  20:09  Missile Turret  
  141  20:30  Missile Turret  
Show
View Real Time Build Order
Export as new Build Order

KaneRorik Zerg 

Build Orders: Pool First 

Get SALT Encoding   

  12  0:02  Drone  
  13  0:08  Drone  
  14  0:16  Overlord  
  14  0:26  Overlord  
  14  0:31  Extractor  
  14  0:32  Drone  
  14  0:40  Drone  
  15  0:58  Spawning Pool  
  15  0:59  Drone  
  15  1:36  Drone x3  
  18  1:53  Drone  
  19  2:01  Drone  
  20  2:05  Queen  
  22  2:23  Drone x2  
  24  2:37  Drone, Evolution Chamber  
  24  2:50  Extractor  
  23  3:04  Drone x3  
  26  3:07  Lair  
  26  3:30  Hatchery  
  25  3:35  Hatchery  
  25  3:36  Drone x4  
  28  4:12  Spire  
  27  4:23  Drone  
  27  4:24  Drone x2  
  30  4:38  Overlord  
  30  4:43  Drone  
  31  4:48  Drone  
  31  4:50  Queen  
  34  4:58  Drone  
  35  5:01  Queen  
  35  5:03  Drone x3  
  35  5:04  Drone  
  41  5:10  Drone x2, Extractor  
  42  5:15  Extractor  
  42  5:16  Drone  
  42  5:17  Drone x2  
  44  5:30  Mutalisk x2  
  48  5:36  Mutalisk  
  48  5:38  Overlord  
  48  5:40  Zerg Flyer Weapons Level 1  
  50  5:59  Drone x2  
  52  6:08  Mutalisk x3  
  52  6:10  Overlord x3  
  58  6:19  Infestation Pit  
  58  6:24  Drone  
  58  6:26  Overlord x3  
  58  6:34  Mutalisk x2  
  58  6:42  Mutalisk x2  
  62  6:51  Mutalisk  
  64  7:01  Mutalisk  
  64  7:04  Zergling x8  
  70  7:10  Metabolic Boost  
  70  7:18  Mutalisk  
  70  7:20  Zergling x4  
  70  7:21  Zergling x6  
  77  7:36  Mutalisk  
  79  7:37  Mutalisk  
  79  7:39  Zergling x6  
  84  7:47  Mutalisk  
  84  7:49  Zergling x2  
  87  8:01  Mutalisk  
  87  8:03  Zergling x2  
  90  8:08  Mutalisk  
  90  8:10  Zergling x4  
  94  8:14  Overlord  
  94  8:15  Mutalisk, Zergling x2  
  97  8:26  Corruptor  
  97  8:32  Corruptor  
  101  8:39  Zergling x4  
  103  8:45  Corruptor  
  103  8:47  Zergling x4  
  103  8:48  Zergling x2  
  108  8:52  Overlord  
  108  8:56  Zerg Flyer Armor Level 1  
  108  9:00  Overlord x2  
  108  9:04  Overlord x2  
  108  9:14  Mutalisk  
  108  9:15  Mutalisk  
  112  9:22  Zergling x2  
  112  9:23  Mutalisk, Zergling x4  
  117  9:25  Zergling x2  
  118  9:36  Zerg Melee Weapons Level 1  
  118  9:44  Mutalisk  
  120  9:45  Zergling x2  
  120  9:51  Mutalisk  
  120  9:52  Zergling x4  
  125  9:58  Zergling x2  
  125  9:59  Mutalisk, Zergling x2  
  129  10:09  Mutalisk  
  129  10:12  Zergling x2  
  132  10:18  Overlord x2  
  132  10:25  Mutalisk  
  132  10:26  Zergling x2  
  132  10:28  Mutalisk  
  137  10:37  Mutalisk  
  139  10:46  Mutalisk  
  141  10:53  Zergling x2  
  141  10:54  Zergling x2  
  141  10:55  Mutalisk  
  145  11:09  Mutalisk  
  147  11:12  Zergling x2  
  147  11:13  Mutalisk, Zergling x2  
  50  13:43  Mutalisk  
  50  13:44  Mutalisk x6  
  50  13:45  Mutalisk x6  
  50  13:46  Mutalisk x3  
  81  13:48  Zergling x4  
  81  13:54  Mutalisk  
  81  13:55  Zergling x10  
  88  14:02  Mutalisk  
  89  14:03  Zergling x2  
  92  14:11  Mutalisk  
  94  14:19  Zergling x2  
  95  14:28  Mutalisk  
  97  14:35  Mutalisk  
  97  14:36  Mutalisk  
  97  14:37  Zergling x4  
  63  14:56  Mutalisk x2  
  63  14:58  Zergling x2  
  66  15:04  Zergling x2  
  66  15:05  Mutalisk, Zergling x2  
  59  15:19  Mutalisk  
  53  15:23  Zergling x4  
  53  15:24  Zergling x12  
  60  15:35  Zergling x8  
  50  15:54  Mutalisk  
  50  15:55  Mutalisk  
  45  16:01  Mutalisk x3  
  45  16:02  Zergling x2  
  45  16:03  Zergling x4  
  53  16:09  Zergling x2  
  53  16:10  Zergling x4  
  56  16:41  Mutalisk x3  
  56  16:43  Zergling x2  
  63  17:01  Hatchery  
  63  17:04  Extractor  
  61  17:09  Extractor, Mutalisk x2  
  61  17:11  Zergling x2  
  61  17:12  Zergling x2  
  66  17:24  Overlord x2  
  66  17:25  Overlord x3  
  66  17:37  Mutalisk x2  
  66  17:39  Zergling x4  
  72  17:47  Mutalisk  
  74  17:52  Zergling x4  
  76  18:10  Mutalisk  
  76  18:12  Zergling x4  
  80  18:18  Zergling x2  
  80  18:19  Mutalisk, Zergling x2  
  84  18:29  Extractor  
  83  18:40  Mutalisk  
  85  18:42  Zergling x6  
  85  18:47  Mutalisk  
  90  18:49  Zergling x10  
  95  18:56  Mutalisk  
  95  18:58  Zergling x4  
  99  19:11  Mutalisk  
  99  19:13  Zergling x2  
  102  19:20  Zergling x2  
  102  19:21  Mutalisk, Zergling x2  
  102  19:23  Zergling x2  
  46  20:10  Mutalisk x2  
  46  20:11  Zergling x6  
Show
View Real Time Build Order
Export as new Build Order

MichaelnTina Terran 

Build Orders:  

Get SALT Encoding   

  12  0:04  SCV  
  13  0:18  Supply Depot  
  13  0:28  SCV  
  14  0:32  Refinery  
  14  0:47  Barracks  
  14  0:58  SCV  
  15  1:10  SCV  
  16  1:22  SCV  
  16  1:25  Supply Depot  
  17  1:34  SCV  
  17  1:35  Engineering Bay  
  18  1:45  Refinery  
  18  1:47  SCV  
  19  1:48  Supply Depot  
  19  2:11  Supply Depot  
  19  2:13  Orbital Command  
  19  2:41  SCV  
  20  2:48  Sensor Tower  
  20  2:52  Factory  
  20  2:53  SCV  
  21  3:12  SCV  
  22  3:18  Supply Depot  
  22  3:21  Sensor Tower  
  22  3:24  SCV  
  23  3:36  SCV  
  24  3:48  SCV  
  25  3:56  Sensor Tower  
  25  3:57  Starport  
  25  4:04  Starport  
  25  4:09  Supply Depot, Starport  
  25  4:12  Supply Depot  
  25  4:20  Armory  
  25  4:35  Hellion  
  27  4:53  Sensor Tower  
  27  4:57  Starport Tech Lab  
  27  5:01  Starport Tech Lab  
  27  5:06  Starport Tech Lab  
  27  5:26  Hellion  
  27  5:30  Command Center  
  27  5:51  Banshee  
  27  5:52  Banshee  
  27  5:54  Banshee  
  36  6:24  Sensor Tower  
  36  6:46  Missile Turret  
  36  6:51  SCV  
  37  6:56  Refinery  
  37  7:03  SCV  
  37  7:07  Missile Turret  
  38  7:12  Banshee  
  38  7:13  Banshee  
  38  7:15  SCV, Banshee  
  48  7:16  Refinery  
  48  7:27  SCV  
  49  7:39  SCV  
  48  7:50  Sensor Tower  
  48  7:56  Missile Turret  
  48  8:01  SCV  
  49  8:13  SCV  
  49  8:18  Missile Turret  
  50  8:25  SCV  
  51  8:37  SCV  
  51  8:43  Missile Turret  
  51  8:49  SCV  
  51  8:54  Viking  
  51  8:55  Viking  
  56  8:56  Viking  
  56  9:01  SCV  
  59  9:13  Missile Turret, SCV  
  60  9:18  Cloaking Field  
  60  9:28  Terran Ship Weapons Level 1  
  60  9:45  Viking  
  60  9:47  Viking  
  60  9:48  Viking  
  66  10:18  Viking  
  66  10:19  Viking  
  66  10:21  Viking  
  72  10:28  Supply Depot  
  72  10:51  Supply Depot  
  49  11:57  Viking  
  49  11:58  Viking  
  49  12:00  Viking  
  51  12:22  Missile Turret  
  51  12:27  Viking  
  51  12:28  Viking  
  55  12:30  Viking  
  57  12:42  Terran Ship Weapons Level 2  
  57  12:57  Viking  
  59  12:58  Viking  
  59  12:59  Viking  
  63  13:11  Command Center  
  63  13:27  Viking  
  65  13:28  Viking  
  65  13:29  Viking  
  65  13:31  Starport  
  67  14:21  Viking  
  67  14:22  Viking  
  71  14:24  Viking  
  71  14:26  Starport Reactor  
  55  14:51  Viking  
  55  14:52  Viking  
  58  14:54  Viking  
  48  15:39  Banshee  
  48  15:40  Banshee  
  48  15:41  Banshee  
  52  17:06  Refinery  
  43  17:35  SCV  
  44  17:40  Refinery  
  44  17:47  Viking  
  44  17:48  SCV, Viking x2  
  44  17:50  Viking  
  44  17:51  Viking  
  55  18:00  SCV  
  55  18:17  Viking  
  55  18:18  SCV  
  155  18:20  Viking  
  58  18:21  Viking  
  62  18:30  SCV  
  62  18:31  Viking x2  
  67  18:42  SCV  
  68  19:01  Viking x2  
  72  19:31  Viking x2  
  74  19:34  SCV  
  77  19:46  SCV  
  77  19:48  Command Center  
  78  19:58  SCV  
  79  20:01  Viking  
  81  20:10  SCV  
Show
View Real Time Build Order
Export as new Build Order

billy Terran 

Build Orders: MMM Bio 

Get SALT Encoding   

  12  0:14  SCV  
  13  0:27  Supply Depot  
  13  0:28  SCV  
  14  0:40  SCV  
  15  0:52  SCV, Refinery  
  16  0:58  Barracks  
  16  1:04  SCV  
  17  1:16  SCV  
  18  1:28  SCV  
  19  1:32  Refinery  
  19  1:40  SCV  
  20  1:52  Supply Depot, SCV  
  21  1:59  Command Center  
  21  2:04  SCV  
  22  2:16  SCV  
  22  2:19  Reaper  
  22  2:22  Supply Depot  
  24  2:30  Orbital Command  
  24  2:46  Engineering Bay  
  24  2:51  Reaper  
  25  3:00  SCV  
  26  3:12  SCV  
  27  3:22  Barracks  
  27  3:23  Reaper  
  27  3:24  SCV  
  27  3:25  Barracks  
  29  3:27  Terran Infantry Weapons Level 1  
  29  3:36  SCV  
  29  3:37  Orbital Command  
  30  3:48  SCV  
  31  4:14  Factory  
  31  4:26  Barracks Reactor x2  
  31  4:38  Barracks Tech Lab  
  28  5:25  Starport  
  28  5:39  Barracks  
  28  5:40  Stimpack  
  28  5:42  Marine x3  
  29  5:43  Marine x2  
  33  5:53  Supply Depot  
  33  5:56  Refinery  
  33  5:58  Refinery  
  33  6:00  Marine x4  
  33  6:01  Marine  
  33  6:03  Starport  
  38  6:18  Marine x5  
  39  6:24  Missile Turret  
  43  6:25  Medivac  
  43  6:29  Terran Infantry Armor Level 1  
  45  6:36  Marine x5  
  50  6:41  SCV  
  50  6:43  Supply Depot  
  50  6:45  SCV  
  52  6:49  Barracks Reactor  
  52  6:53  SCV  
  53  6:54  Marine  
  53  6:55  Marine  
  53  6:56  Marine x3  
  53  6:57  SCV  
  53  7:00  Starport Reactor  
  61  7:02  Starport Reactor  
  61  7:05  SCV  
  60  7:08  Missile Turret  
  60  7:09  SCV  
  60  7:13  Marine x2  
  60  7:14  Marine x2  
  65  7:16  Bunker  
  65  7:17  SCV  
  65  7:21  SCV  
  67  7:26  Supply Depot  
  67  7:29  SCV  
  68  7:31  Marine x2, Sensor Tower  
  70  7:47  Marine x2  
  70  7:48  Medivac x2, SCV  
  70  7:49  Marine, Supply Depot  
  78  8:08  Combat Shields  
  78  8:10  Marine x4  
  78  8:11  Supply Depot, Medivac x2  
  86  8:26  Armory  
  86  8:32  Medivac  
  86  8:33  Medivac  
  90  8:34  Marine x4, Supply Depot  
  94  8:48  Supply Depot  
  94  8:56  Marine x4, Medivac x2  
  102  9:04  Missile Turret  
  102  9:10  Marine x3  
  102  9:12  Supply Depot  
  102  9:13  Marine x4  
  109  9:29  Marine  
  110  9:34  Marine x6  
  110  9:36  Supply Depot  
  110  9:38  Supply Depot  
  116  9:47  Marine  
  116  9:51  Marine  
  118  9:57  Marine x5  
  118  9:58  Supply Depot  
  123  10:05  Marine  
  124  10:15  Marine x4  
  128  10:23  Marine  
  129  10:31  Command Center  
  129  10:33  Marine x4  
  133  10:41  Marine  
  134  10:50  Marine x4  
  127  10:58  Marine  
  128  11:08  Marine  
  71  11:28  Marine x3  
  71  11:29  Marine x4  
  78  11:36  Viking x2  
  78  11:37  Viking  
  84  11:42  Supply Depot  
  84  11:46  Marine x4  
  84  11:47  Marine x3  
  91  12:04  Marine  
  91  12:05  Terran Infantry Weapons Level 2  
  91  12:06  Supply Depot, Viking  
  94  12:24  Medivac x3  
  100  12:36  Medivac  
  102  12:45  Marine x2  
  102  12:46  Marine x5  
  109  13:03  Marine x3  
  112  13:09  Orbital Command  
  60  14:06  Marine x6  
  60  14:07  Marine  
  66  14:20  Terran Infantry Armor Level 2  
  66  14:23  Marine x2  
  66  14:24  Marine  
  68  14:27  Barracks  
  69  14:34  Barracks  
  69  14:35  Marine x3  
  69  14:36  Marine  
  73  14:41  Marine x2  
  73  14:42  Marine  
  74  14:53  Marine x4  
  74  14:59  Marine x3  
  71  15:11  Marine  
  58  15:43  Barracks Reactor  
  58  15:44  Barracks Reactor  
  53  15:58  Marine  
  53  15:59  Marine x3, Barracks Reactor  
  53  16:02  Marine x2  
  59  16:16  Marine x2, Refinery  
  59  16:17  Marine x2  
  63  16:20  Marine x2, Refinery  
  65  16:33  Marine x4  
  65  16:34  Marine x6  
  65  16:36  Terran Infantry Weapons Level 3  
  65  16:38  Supply Depot, Marine x2  
  77  16:50  Marine  
  77  16:51  Marine x3  
  77  16:52  Marine x6  
  87  16:56  Marine x2  
  87  16:57  Starport  
  87  17:01  Supply Depot  
  89  17:08  Marine x2  
  89  17:09  Marine x2  
  93  17:29  Concussive Shells  
  93  17:33  Marauder  
  93  17:36  Marine x5  
  93  17:37  Marine x5  
  105  17:44  Medivac  
  105  17:45  Medivac  
  109  17:53  Marine  
  109  17:54  Marine x6, Marauder  
  109  17:55  Marine x3  
  121  18:11  Marine x2  
  121  18:12  Marine x5  
  126  18:13  Marine x3  
  126  18:14  Medivac  
  126  18:15  Medivac x3, Marauder  
  141  18:29  Marine x3  
  141  18:30  Marine x5  
  141  18:31  Marine x2  
  151  18:37  Marauder  
  153  18:56  Barracks  
  153  18:58  Marauder  
Show
View Real Time Build Order
Export as new Build Order

Toastie Protoss 

Build Orders: Nexus First 

Get SALT Encoding   

  12  0:09  Probe  
  13  0:22  Probe (Chrono Boost)  
  14  0:33  Probe (Chrono Boost)  
  15  0:58  Nexus  
  15  1:02  Pylon  
  15  1:12  Pylon  
  15  1:18  Assimilator  
  15  1:20  Probe  
  16  1:32  Probe  
  17  1:50  Gateway  
  17  1:53  Probe  
  18  2:00  Assimilator  
  18  2:05  Probe  
  19  2:13  Pylon  
  19  2:17  Probe, Forge  
  19  2:19  Pylon  
  20  2:54  Probe (Chrono Boost)  
  20  2:55  Probe (Chrono Boost)  
  22  3:04  Cybernetics Core  
  22  3:05  Probe (Chrono Boost)  
  24  3:06  Probe (Chrono Boost)  
  24  3:26  Probe (Chrono Boost)  
  26  3:27  Probe (Chrono Boost)  
  26  3:36  Probe x2 (Chrono Boost)  
  26  3:39  Pylon  
  28  3:41  Probe (Chrono Boost)  
  28  3:43  Pylon  
  28  3:46  Stargate  
  29  3:52  Stargate  
  29  3:55  Assimilator  
  29  3:58  Probe  
  29  3:59  Probe  
  29  4:01  Assimilator  
  31  4:10  Probe  
  31  4:11  Probe  
  31  4:14  Photon Cannon  
  33  4:17  Photon Cannon  
  33  4:22  Probe  
  33  4:23  Probe  
  35  4:24  Photon Cannon  
  35  4:31  Pylon  
  35  4:34  Probe  
  35  4:35  Pylon, Probe  
  35  4:37  Void Ray  
  41  4:46  Probe  
  41  4:52  Void Ray  
  46  5:15  Probe x2  
  48  5:22  Robotics Facility  
  48  5:27  Probe  
  48  5:28  Probe  
  50  5:31  Pylon  
  50  5:34  Pylon  
  50  5:39  Probe, Void Ray x2  
  50  5:40  Probe  
  60  5:52  Probe  
  61  7:23  Void Ray x2  
  61  7:29  Fleet Beacon  
  69  7:34  Twilight Council  
  69  7:47  Observer  
  70  7:56  Robotics Bay  
  70  8:04  Nexus  
  70  8:08  Pylon  
  70  8:09  Observer  
  70  8:11  Pylon  
  71  8:50  Assimilator  
  71  8:55  Assimilator  
  71  8:56  Pylon  
  71  8:57  Pylon  
  71  9:01  Observer Gravitic Boosters (Chrono Boost)  
  71  9:08  Graviton Catapult  
  71  9:09  Carrier x2  
  83  9:13  Colossus  
  89  9:20  Robotics Facility  
  89  9:22  Forge  
  89  9:46  Forge  
  89  9:48  Protoss Air Weapons Level 1  
  89  9:50  Protoss Shields Level 1  
  89  9:51  Extended Thermal Lance  
  89  10:16  Anion Pulse-Crystals  
  89  10:27  Mothership  
  97  10:37  Protoss Ground Weapons Level 1  
  97  10:43  Colossus  
  103  10:51  Colossus  
  87  11:39  Observer  
  88  11:45  Colossus  
  88  12:01  Observer  
  73  12:55  Probe  
  74  13:08  Probe  
  75  13:13  Photon Cannon  
  75  13:16  Photon Cannon  
  75  13:20  Probe, Photon Cannon  
  75  13:23  Photon Cannon  
  75  13:25  Photon Cannon  
  76  13:27  Photon Cannon  
  76  13:29  Tempest  
  76  13:30  Tempest  
  76  13:32  Probe  
  89  14:04  Protoss Shields Level 2, Protoss Ground Weapons Level 2  
  89  14:06  Protoss Ground Armor Level 1  
  89  14:12  Pylon, Tempest x2  
  101  14:30  Colossus x2  
  113  14:40  Cybernetics Core  
  87  15:35  Carrier  
  87  15:36  Carrier  
  99  15:57  Stargate  
  99  15:59  Stargate  
  99  16:01  Protoss Ground Armor Level 2  
  99  16:02  Stargate  
  99  16:06  Stargate  
  99  16:10  Protoss Air Weapons Level 2 (Chrono Boost)  
  99  16:11  Protoss Air Armor Level 1 (Chrono Boost)  
  99  16:12  Stargate  
  99  16:15  Stargate x2  
  99  16:20  Charge  
  99  16:21  Gravitic Drive  
  99  16:29  Observer x2  
  101  16:41  Protoss Ground Weapons Level 3  
  89  16:50  Observer x2  
  91  16:56  Assimilator, Nexus  
  91  16:58  Assimilator  
  91  17:12  Observer x2  
  92  17:25  Protoss Shields Level 3  
  92  17:31  Tempest  
  92  17:33  Observer x2  
  100  17:43  Pylon  
  100  17:45  Pylon  
  100  17:49  Pylon  
Show
View Real Time Build Order
Export as new Build Order

Infamous Protoss 

Build Orders:  

Get SALT Encoding   

  12  0:03  Probe  
  13  0:15  Probe  
  13  0:18  Pylon  
  14  0:28  Probe (Chrono Boost)  
  15  0:38  Probe (Chrono Boost)  
  16  0:46  Gateway  
  16  0:47  Probe  
  17  0:54  Assimilator  
  17  0:59  Probe (Chrono Boost)  
  19  1:12  Probe (Chrono Boost)  
  19  1:22  Assimilator  
  19  1:26  Gateway  
  19  1:29  Probe  
  19  1:30  Pylon  
  20  1:41  Probe  
  20  1:42  Cybernetics Core  
  21  2:06  Probe (Chrono Boost)  
  23  2:16  Probe (Chrono Boost)  
  23  2:19  Stalker x2  
  27  2:30  Stargate  
  27  2:33  Probe  
  27  2:35  Warp Gate  
  28  2:51  Forge  
  28  2:53  Probe  
  29  3:07  Probe, Nexus  
  31  3:20  Probe  
  31  3:29  Pylon  
  31  3:47  Stalker x2  
  35  3:56  Pylon  
  35  4:02  Gateway  
  35  4:11  Gateway  
  35  4:16  Gateway  
  35  4:20  Probe (Chrono Boost)  
  36  4:27  Probe (Chrono Boost)  
  36  4:30  Probe (Chrono Boost)  
  38  4:35  Probe (Chrono Boost)  
  38  4:38  Void Ray  
  43  4:41  Probe  
  43  4:42  Probe  
  43  4:45  Protoss Shields Level 1 (Chrono Boost)  
  45  4:50  Protoss Air Weapons Level 1  
  45  4:53  Probe  
  45  4:54  Probe  
  47  5:01  Pylon  
  47  5:08  Probe  
  47  5:10  Probe  
  49  5:20  Probe  
  50  5:22  Void Ray (Chrono Boost)  
  50  5:23  Probe  
  55  5:29  Pylon  
  55  5:32  Probe  
  56  5:38  Assimilator  
  56  5:42  Assimilator  
  56  5:44  Probe  
  56  5:48  Probe  
  58  5:56  Probe  
  59  5:59  Stalker  
  59  6:00  Probe, Stalker  
  59  6:02  Stalker  
  66  6:12  Probe  
  66  6:15  Probe (Chrono Boost)  
  68  6:23  Pylon  
  68  6:24  Probe (Chrono Boost)  
  69  6:27  Void Ray (Chrono Boost)  
  75  6:33  Probe (Chrono Boost)  
  75  6:34  Probe (Chrono Boost)  
  75  6:37  Fleet Beacon  
  75  6:46  Protoss Air Armor Level 1  
  75  6:57  Probe  
  76  7:06  Void Ray  
  76  7:07  Photon Cannon  
  80  7:10  Stalker  
  80  7:11  Stalker  
  80  7:14  Stalker  
  86  7:28  Pylon  
  86  8:00  Stargate  
  86  8:02  Stargate  
  86  8:07  Stargate  
  86  8:10  Stargate  
  86  8:14  Carrier  
  92  8:20  Anion Pulse-Crystals  
  92  8:39  Nexus  
  82  9:24  Pylon  
  82  9:26  Pylon  
  82  9:32  Carrier  
  82  9:33  Pylon, Carrier  
  94  9:42  Carrier  
  100  10:02  Probe (Chrono Boost)  
  101  10:12  Probe (Chrono Boost)  
  102  10:16  Assimilator  
  102  10:18  Assimilator  
  102  10:21  Probe  
  102  10:26  Carrier  
  109  10:29  Tempest  
  109  10:31  Protoss Air Weapons Level 2 (Chrono Boost)  
  109  10:33  Probe  
  116  11:01  Carrier  
  122  11:36  Carrier  
  128  11:43  Carrier  
  118  11:50  Pylon  
  118  11:53  Pylon  
  84  11:58  Cybernetics Core  
  78  12:07  Twilight Council  
  78  12:09  Carrier  
  78  12:13  Carrier  
  90  12:36  Protoss Shields Level 2  
  68  12:48  Protoss Air Weapons Level 3 (Chrono Boost)  
  68  12:50  Protoss Air Armor Level 2 (Chrono Boost)  
  68  13:30  Carrier  
  74  14:03  Carrier x2  
  86  14:30  Carrier  
  62  15:47  Carrier  
  62  15:48  Carrier x2  
  80  16:18  Nexus  
  80  16:28  Assimilator  
  80  16:30  Assimilator  
  80  16:57  Protoss Air Armor Level 3 (Chrono Boost)  
  56  17:33  Carrier  
  62  17:56  Carrier  
  62  17:57  Probe (Chrono Boost)  
  64  18:07  Probe (Chrono Boost)  
  70  18:58  Zealot  
  70  19:00  Zealot  
  74  19:04  Zealot  
  74  19:05  Zealot  
  74  19:06  Zealot  
Show
View Real Time Build Order
Export as new Build Order

Bluntman Protoss 

Build Orders:  

Get SALT Encoding   

  12  0:05  Probe (Chrono Boost)  
  13  0:12  Probe (Chrono Boost)  
  14  0:20  Probe  
  15  0:39  Pylon  
  15  0:40  Pylon  
  15  0:57  Probe  
  15  1:01  Gateway  
  16  1:04  Gateway  
  16  1:09  Probe  
  17  1:21  Probe  
  17  1:24  Pylon  
  18  1:28  Assimilator  
  18  1:32  Assimilator  
  18  1:33  Probe  
  19  1:46  Probe  
  20  1:58  Probe  
  21  2:05  Zealot x2  
  25  2:10  Probe  
  26  2:22  Probe  
  27  2:33  Zealot x2  
  27  2:36  Cybernetics Core  
  31  2:39  Pylon  
  31  2:42  Pylon  
  31  3:00  Zealot x2  
  35  3:27  Stalker x2  
  37  3:29  Pylon  
  39  3:57  Stalker x2  
  43  4:13  Nexus  
  43  4:15  Assimilator  
  43  4:19  Assimilator  
  43  4:26  Stalker  
  43  4:27  Stalker  
  47  4:56  Stalker  
  47  4:57  Stalker  
  51  5:21  Nexus  
  51  5:26  Stalker x2  
  55  5:30  Assimilator  
  55  5:33  Assimilator  
  55  5:43  Probe  
  55  5:46  Probe  
  57  5:55  Probe  
  58  5:58  Probe  
  59  6:08  Probe  
  59  6:10  Probe  
  61  6:20  Probe  
  61  6:22  Probe  
  63  6:32  Probe  
  64  6:34  Probe  
  65  6:44  Probe  
  65  6:45  Probe  
  65  6:46  Probe  
  68  6:56  Probe  
  68  6:57  Probe  
  68  6:58  Probe  
  71  7:08  Probe  
  72  7:09  Probe  
  72  7:11  Probe  
  74  7:20  Probe  
  74  7:21  Probe  
  76  7:23  Probe  
  77  7:32  Probe  
  77  7:33  Probe  
  77  7:35  Probe  
  80  7:45  Probe (Chrono Boost)  
  80  7:47  Probe x2 (Chrono Boost)  
  86  7:59  Probe (Chrono Boost)  
  86  8:02  Probe (Chrono Boost)  
  86  8:03  Probe (Chrono Boost)  
  86  8:05  Probe (Chrono Boost)  
  86  8:09  Probe (Chrono Boost)  
  86  8:10  Probe  
  89  8:13  Probe  
  90  8:21  Probe  
  90  8:22  Probe  
  90  8:25  Probe  
  93  8:32  Gateway  
  93  8:34  Gateway  
  93  8:35  Pylon  
  93  8:36  Pylon  
  93  8:37  Pylon  
  93  8:38  Pylon  
  93  8:40  Pylon  
  93  8:47  Forge  
  93  8:48  Forge  
  93  8:51  Forge  
  93  8:53  Probe x3  
  96  8:57  Twilight Council  
  96  9:04  Gateway x2  
  96  9:05  Probe x2  
  96  9:07  Gateway  
  98  9:10  Gateway  
  98  9:12  Gateway  
  98  9:14  Gateway  
  98  10:07  Nexus  
  98  10:09  Assimilator  
  98  10:13  Assimilator  
  98  10:17  Stalker x4  
  98  10:18  Stalker x5  
  98  10:19  Stalker  
  118  10:47  Stalker x5  
  118  10:48  Stalker x2  
  132  10:54  Pylon  
  132  10:55  Pylon  
  132  10:57  Pylon  
  132  10:58  Pylon  
  132  11:00  Pylon x2  
  132  11:02  Pylon  
  132  11:05  Pylon x2  
  132  11:12  Stalker x3  
  132  11:17  Stalker x5  
  132  11:18  Stalker x2  
  146  11:28  Blink  
  146  11:31  Protoss Shields Level 1  
  146  11:32  Protoss Ground Weapons Level 1, Protoss Ground Armor Level 1  
  146  11:42  Stalker x3  
  142  11:47  Stalker x5  
  142  11:48  Stalker x2  
  140  12:04  Probe  
  142  12:12  Stalker x3  
  147  12:16  Probe  
  147  12:17  Stalker x6  
  147  12:18  Stalker  
  162  12:28  Probe  
  163  12:40  Probe  
  163  12:42  Stalker x3  
  170  12:47  Stalker x6  
  170  12:48  Stalker  
  184  12:52  Probe  
  164  13:12  Stalker  
  153  13:29  Charge  
  25  16:36  Nexus  
  25  16:47  Nexus  
  25  16:56  Nexus  
  24  17:53  Assimilator  
  24  18:14  Probe  
  24  18:17  Probe  
  26  18:23  Probe  
  26  18:26  Probe  
  28  18:29  Probe  
  29  18:35  Probe  
  29  18:39  Probe  
  31  18:41  Probe  
  31  18:47  Probe  
  33  18:51  Probe  
  33  18:53  Probe  
  35  18:59  Probe  
  36  19:03  Probe  
  36  19:05  Probe  
  38  19:11  Probe  
  38  19:13  Assimilator  
  38  19:15  Probe  
  40  19:17  Assimilator  
  40  19:18  Probe  
  41  19:27  Probe  
  41  19:30  Probe  
  42  19:39  Probe  
  43  19:53  Stalker x3  
  43  19:54  Stalker x2  
  43  19:55  Stalker x4  
  43  19:56  Stalker  
Tags
 
Add a new tag
Caveats
  • Supply blocks, unpowered buildings, or Contaminate may cause inaccurate times.
  • Supply counts are checked every 10 seconds.